AoeStats
← Bora

Black Forest

509924099Analyzed
2v2 RM · 5d ago on Sep 28, 2026· 60m 6s· 4 players
Game mode
Random Map
Map size
Medium (4 player)
Population
200
Speed
Normal
Resources
Standard
Victory
Conquest
Starting age
Dark Age
Ending age
Imperial Age
RankedLock teamsTeams togetherTeam positionsShared explorationLock speedFull tech treeHidden civsTurbo modeCheats
Victory
Defeat
🇺🇸 Inca · United States
902
+13
🇺🇸 Lithuanians · United States
872
+16
🇧🇷 Japanese · Brazil
857
-15
🇺🇸 Khmer · United States
831
-14
tstien40
0:35 Loom
15:01 Feudal Age
15:40 Horse Collar
21:10 Double-Bit Axe
23:51 Castle Age
23:03 Double-Bit Axe
25:59 Heavy Plow
30:18 Imperial Age
29:03 Bow Saw
33:01 Wheelbarrow
34:33 Hand Cart
34:26 Gold Mining
34:30 Stone Mining
35:37 Crop Rotation
37:57 Gold Shaft Mining
37:58 Stone Shaft Mining
36:46 Pikeman
37:11 Arson
37:54 Ballistics
37:57 Conscription
39:05 Halberdier
39:58 Forging
39:38 Fletching
39:49 Scale Mail Armor
39:50 Padded Archer Armor
39:13 Heavy Scorpion
40:57 Double Crossbow
42:14 Chemistry
42:45 Elite Ballista Elephant
44:00 Bloodlines
48:16 Iron Casting
47:57 Chain Mail Armor
47:48 Scale Barding Armor
47:49 Husbandry
56:44 Onager
[̲̅2̲̅D̲̅]
0:31 Loom
12:33 Feudal Age
13:13 Double-Bit Axe
13:22 Horse Collar
18:15 Stone Mining
19:57 Arson
20:10 Man-at-Arms
21:05 Gold Mining
26:32 Castle Age
24:42 Scale Mail Armor
24:53 Forging
25:38 Wheelbarrow
27:58 Gold Shaft Mining
27:25 Heavy Plow
27:27 Squires
27:56 Bow Saw
30:12 Caravan
31:02 Hand Cart
35:16 Chain Mail Armor
42:44 Imperial Age
42:49 Elite Samurai
43:49 Conscription
43:18 Capped Ram
44:35 Kataparuto
45:58 Two-Man Saw
46:27 Plate Mail Armor
46:33 Iron Casting
51:43 Blast Furnace
GodLyCrisCo
0:33 Loom
17:49 Feudal Age
22:15 Castle Age
21:09 Double-Bit Axe
21:07 Horse Collar
27:46 Wheelbarrow
35:02 Imperial Age
33:00 Bow Saw
33:27 Forging
34:36 Hand Cart
34:19 Town Watch
35:54 Tower Shields
36:49 Onager
38:34 Chemistry
38:03 Ballistics
37:39 Murder Holes
37:56 Fortified Wall
38:15 Bloodlines
38:06 Husbandry
37:41 Cavalier
39:53 Thumb Ring
40:41 Light Cavalry
41:17 Fletching
41:27 Padded Archer Armor
41:28 Scale Mail Armor
41:33 Fishing Lines
42:29 Masonry
43:22 Conscription
43:44 Bodkin Arrow
44:04 Leather Archer Armor
44:25 Iron Casting
44:22 Scale Barding Armor
45:10 Town Patrol
45:23 Squires
45:08 Arson
46:19 Caravan
Bora
0:28 Loom
15:29 Feudal Age
16:34 Double-Bit Axe
21:38 Castle Age
27:52 Gold Mining
28:02 Horse Collar
30:38 Bow Saw
30:26 Fletching
30:36 Padded Archer Armor
31:07 Murder Holes
31:34 Ballistics
31:17 Bodkin Arrow
33:17 Wheelbarrow
33:33 Treadmill Crane
34:40 Hand Cart
36:58 Imperial Age
34:37 Guard Tower
35:56 Thumb Ring
35:11 Crossbowman
37:11 Heavy Plow
37:02 Town Watch
42:13 Town Patrol
44:20 Crop Rotation
44:26 Gold Shaft Mining
44:32 Conscription
44:16 Andean Sling
44:14 Stone Mining
45:27 Elite Kamayuk
46:18 Caravan
46:00 Capped Ram
47:08 Arrowslits
Connection lost

Rejoining the realm…

Still unreachable

The connection could not be restored.

Session expired

The server has moved on; the page needs a fresh start.